 Dungeon Crawl Stone Soup version 0.17.1-3-g152610e (webtiles) character file.

252640 Shtopit the Bludgeoner (level 20, -8/134 HPs)
             Began as a Gargoyle Berserker on Apr 25, 2016.
             Was the Champion of Trog.
             Killed from afar by a deep elf high priest (30 damage)
             ... with a burst of hellfire
             ... on level 3 of the Elven Halls.
             The game lasted 04:00:18 (45768 turns).

Shtopit the Bludgeoner (Gargoyle Berserker)        Turns: 45768, Time: 04:00:20

Health: -8/134     AC: 56    Str: 27    XL:     20   Next: 13%
Magic:  14/27      EV:  9    Int:  7    God:    Trog [******]
Gold:   3584       SH:  0    Dex:  9    Spells: 0 memorised, 19 levels left

rFire  + + .     SeeInvis .     C - +9 great mace (holy)
rCold  + + .     Clarity  +     v - +9 armour of the Dragon King {rPois rF+ rC+ MR+}
rNeg   + . .     SustAt   .     (shield currently unavailable)
rPois  ∞         Gourm    .     i - +2 hat {MR+}
rElec  +         Spirit   .     y - +2 cloak {+Inv}
rCorr  .         Warding  .     R - +0 pair of gloves
rMut   .         Stasis   .     t - +2 pair of boots
MR     ++++.                    (no amulet)
Stlth  ..........               V - ring of protection from magic
                                e - ring of protection from fire

@: flying, incredibly resistant to hostile enchantments, extremely unstealthy
A: antennae 1, big wings, hooves 1, thin metallic scales 1, berserk 2, blurry
vision 1, clarity, cold resistance 1, dopey 1, low mp 1, negative energy
resistance 1, electricity resistance, weak 1, unbreathing, petrification
resistance, rot immunity, MP-powered wands, AC +15
a: Stop Flying, Berserk, Trog's Hand, Brothers in Arms, Burn Spellbooks,
Renounce Religion, Evoke Invisibility
}: 1/15 runes: gossamer


You were on level 3 of the Elven Halls.
You worshipped Trog.
Trog was exalted by your worship.
You were not hungry.

You visited 5 branches of the dungeon, and saw 31 of its levels.
You visited the Abyss 1 time.
You also visited: Labyrinth, Ice Cave and Volcano.

You collected 4227 gold pieces.

Inventory:

Hand Weapons
 a - the +7 hunting sling of the Coin {venom, rC++ Int+6 Dex-5}
   (You found it in a labyrinth)

   It poisons the ammo it fires.
   It affects your intelligence (+6).
   It affects your dexterity (-5).
   It greatly protects you from cold.
 r - the +8 dire flail "Neiz" {crush, +Inv MR+ Dex-5}
   (Trog gifted it to you on level 4 of the Spider Nest)

   It inflicts extra damage upon your enemies.
   It affects your dexterity (-5).
   It affects your resistance to hostile enchantments.
   It lets you turn invisible.
 B - a +5 morningstar of venom
 C - a +9 great mace of holy wrath (weapon)
 N - a +1 greatsling of flaming
 O - a +4 great mace of crushing
 Y - a +7 antimagic great mace
Missiles
 w - 672 stones (quivered)
Armour
 i - a +2 hat of magic resistance (worn)
 t - a +2 pair of boots (worn)
 v - the +9 armour of the Dragon King (worn) {rPois rF+ rC+ MR+}
   (You took it off a deep elf blademaster on level 3 of the Elven Halls)

   It protects you from fire.
   It protects you from cold.
   It protects you from poison.
   It affects your resistance to hostile enchantments.
 y - a +2 cloak of invisibility (worn)
 R - a +0 pair of gloves (worn)
Jewellery
 e - a ring of protection from fire (left hand)
 g - an uncursed amulet of stasis
 n - an uncursed ring of teleportation
 J - an uncursed ring of protection from cold
 M - an uncursed ring of positive energy
 V - a ring of protection from magic (right hand)
 X - an uncursed ring of see invisible
Wands
 k - a wand of cold (0)
 p - a wand of confusion (14)
 q - a wand of teleportation (5)
 x - a wand of enslavement (21)
 D - a wand of disintegration (1)
 K - a wand of fire (0)
 T - a wand of teleportation (5)
 U - a wand of lightning (0)
Scrolls
 f - 13 scrolls of remove curse
 j - 2 scrolls of brand weapon
 o - 4 scrolls of fog
 u - 3 scrolls of teleportation
 A - 4 scrolls of recharging
 E - 4 scrolls of identify
 G - a scroll of enchant weapon
 P - a scroll of blinking
 Z - 2 scrolls of enchant armour
Potions
 b - 2 potions of brilliance
 d - 11 potions of curing
 h - 5 potions of agility
 l - a potion of invisibility
 F - 4 potions of cancellation
 H - 3 potions of magic
 I - 4 potions of might
Miscellaneous
 m - a lamp of fire (inert)
 s - a plain deck of changes {drawn: 1}
 L - an ornate deck of wonders {drawn: 1}
 W - a box of beasts {used: 3}
Comestibles
 c - 10 bread rations
 z - 13 meat rations
 S - 3 chunks of flesh


   Skills:
 + Level 17.4 Fighting
 + Level 20.0 Maces & Flails
 + Level 3.1 Slings
 + Level 0.1(1.8) Throwing
 + Level 14.7 Armour
 + Level 9.8 Dodging
 * Level 14.7 Evocations


You had 19 spell levels left.
You didn't know any spells.

Dungeon Overview and Level Annotations

Branches:
Dungeon (12/15)            Temple (0/1) D:5            Lair (8/8) D:11
 Shoals (0/4) Lair:4       Spider (4/4) Lair:3        Slime (0/6) Lair:7
    Orc (4/4) D:9             Elf (3/3) Orc:3

Altars:
Ashenzari
Cheibriados
Dithmenos
Gozag
Kikubaaqudgha
Makhleb
Nemelex Xobeh
Sif Muna
Vehumet
Yredelemnul
Zin
The Shining One
Beogh
Jiyva

Shops:
D:12 (   Orc:4 (*}!   Elf:1 *   Elf:2 (   Elf:3 (%

Portals:
Pandemonium: Orc:4


Innate Abilities, Weirdness & Mutations

You are resistant to torment.
Your stone body is resilient (AC +15).
You are immune to poison.
Your large and strong wings let you fly indefinitely.
You resist negative energy.
You are resistant to electric shocks.
You can survive without breathing.
You are immune to petrification.
You are immune to rotting.
You have a pair of small antennae on your head.
You have large cloven feet.
You are partially covered in thin metallic scales (AC +2).
You often lose your temper in combat.
Scrolls take you a little longer to read.
You possess an exceptional clarity of mind.
Your flesh is cold resistant.
You are dopey. (Int -2)
Your magical capacity is low (-10% MP).
You are weak. (Str -2)
You expend magic power (3 MP) to strengthen your wands.


Message History

Things that are here:
a short sword; an arrow; a long sword You hit the small abomination.
The small abomination convulses.
The small abomination is lightly damaged.
A crawling corpse merges with a small abomination to form a large abomination.
You crush the large abomination like a grape!!!
The large abomination convulses!
The large abomination is severely damaged.
You closely miss the large abomination.
The large abomination is severely damaged.
The deep elf high priest mumbles some strange prayers to its god against you.
Something smites you!
* * * LOW HITPOINT WARNING * * *
You thump the large abomination!
The large abomination convulses!
You destroy the large abomination!
The red devil hits you from afar with a trident.
* * * LOW HITPOINT WARNING * * *
The deep elf high priest mumbles some strange prayers to its god against you.
The hellfire explodes!
The burst of hellfire engulfs you!
You die...

**,,.....#e)#.......******,,,,*##
,***...,*#4.##....##*,,,,***,,*#.
,,,*#****#14#*#####,,,,,,,,**+*#.
,,,* #4e# *,,,,,,,,,,,*#. ,***
#.4# ***,,,,******#. ** #..#
****** #.
##########.)####################.
.........#)))e4))[..)#.....#.....
.........'...xe#@....#.....#.....
.........#...4{#.....'.....'....#
'###########)######+######+#+####
..........(.....................'
................................'
########'''######################
≈≈≈≈≈≈≈≈...≈≈≈≈≈≈≈≈≈≈≈≈≈≈≈≈≈≈≈≈≈≈
≈≈≈≈≈≈≈≈...≈≈≈≈≈≈≈≈≈≈≈≈≈≈≈≈≈≈≈≈≈≈
................................≈


You could see a deep elf high priest and a red devil.

Vanquished Creatures
  Nikola (Spider:1)
  The ghost of moxian the Earth Mage, an adept DEEE of Vehumet (Elf:2)
  2 bone dragons (Abyss:1)
  Arachne (Spider:2)
  A lich (Abyss:1)
  Jorgrun (Spider:4)
  Rupert (Lair:5)
  Asterion (Elf:1)
  A deep elf blademaster (Elf:3)
  A deep elf master archer (Elf:3)
  2 Executioners (Abyss:1)
  4 tentacled starspawn (Abyss:1)
  Gastronok (Lair:3)
  Kirke (Spider:4)
  A draconian monk (Abyss:1)
  Maud (Lair:5)
  9 deep elf sorcerers
  Aizul (Spider:2)
  Louise (Spider:3)
  5 emperor scorpions (Spider:4)
  An orc warlord (Elf:1)
  3 ghost moths
  The ghost of Xenophilius the Severer, a journeyman HOBe of Trog (Orc:3)
  A green draconian (Abyss:1)
  Nessos (D:12)
  13 deep elf annihilators
  3 deep elf demonologists (Elf:3)
  Azrael (Spider:3)
  A lorocyproca (Abyss:1)
  A mottled draconian (Abyss:1)
  A deep elf death mage (Elf:3)
  3 green deaths (Abyss:1)
  A minotaur (Lab)
  A deep elf high priest (Elf:3)
  A hydra (D:11)
  Fannar (D:12)
  2 entropy weavers
  Harold (D:10)
  3 catoblepae (Lair:8)
  20 dancing weapons
  A queen ant (D:12)
  The ghost of braveplatypus the Cleaver, a novice FoAK of Lugonu (Lair:1)
  19 death yaks (Lair:8)
  5 thrashing horrors (Abyss:1)
  7 orc high priests
  19 deep elf knights
  Sonja (D:12)
  A soul eater (Abyss:1)
  2 hell hogs (Abyss:1)
  7 wretched stars (Abyss:1)
  A titan skeleton (Abyss:1)
  A fire crab (shapeshifter) (Elf:2)
  A shadow wraith (Abyss:1)
  A gelid demonspawn (Orc:4)
  An unseen horror (D:11)
  An infernal demonspawn (Orc:4)
  A putrid demonspawn (Orc:4)
  2 hill giants
  11 deep elf summoners
  A manticore (D:11)
  19 deep elf conjurers
  13 orb spiders
  22 wolf spiders
  2 griffons
  6 orc knights
  2 moths of wrath
  A cyclops (D:12)
  2 sixfirhies (Abyss:1)
  A stone giant skeleton (Abyss:1)
  2 hornets (Spider:4)
  4 worldbinders (Abyss:1)
  A salamander (Abyss:1)
  3 apocalypse crabs (Abyss:1)
  2 guardian serpents (Abyss:1)
  13 spiny frogs
  An ugly thing (D:11)
  10 orc sorcerers
  17 elephants
  5 smoke demons (Abyss:1)
  Maurice (D:10)
  A black mamba (Lair:4)
  3 toenail golems (Volcano)
  A torpor snail (Spider:3)
  3 ice statues (IceCv)
  4 molten gargoyles
  A rust devil (Abyss:1)
  5 orange demons
  2 kobold demonologists
  An octopode (Abyss:1)
  5 komodo dragons
  A freezing wraith (Abyss:1)
  8 demonic crawlers
  A hellion (Abyss:1)
  17 jumping spiders
  5 fire drakes
  2 hellwings (Abyss:1)
  A silent spectre (Abyss:1)
  12 deep elf priests
  A red devil (Orc:4)
  2 blue devils (Abyss:1)
  8 ancient zymes (Abyss:1)
  2 two-headed ogres (D:11)
  2 trolls
  Prince Ribbit (D:8)
  16 raiju (Abyss:1)
  10 blink frogs
  A boulder beetle (Spider:4)
  21 large abominations
  An ice dragon zombie (Abyss:1)
  19 tarantellas
  A flying skull (Abyss:1)
  A snapping turtle (Lair:4)
  15 redbacks
  17 trapdoor spiders
  36 yaks
  3 ynoxinuls
  4 shadows
  2 wyverns
  6 neqoxecs (Abyss:1)
  A steam dragon (D:11)
  5 hippogriffs
  26 deep elf magi
  A golden eye (Abyss:1)
  2 hungry ghosts (Abyss:1)
  2 wraiths (Abyss:1)
  4 fire elementals (Spider:3)
  30 deep elf fighters
  6 humans (Volcano)
  Grum (Lair:1)
  3 basilisks
  A vampire (Abyss:1)
  A warg (Orc:4)
  A hell hound (Spider:3)
  Edmund (D:4)
  The ghost of Zhenya25pyc the Skirmisher, an amateur GrFi (D:3)
  2 nagas (Abyss:1)
  5 chaos spawn
  An insubstantial wisp (Abyss:1)
  15 wolves
  13 water moccasins
  2 eyes of draining
  39 orc warriors
  16 soldier ants (D:12)
  4 wasps (Spider:4)
  14 porcupines
  31 spiders
  8 ice beasts
  A black bear (D:10)
  A phantom (D:12)
  6 sky beasts
  17 crocodiles
  2 necrophages (D:10)
  6 centaurs
  10 ogres
  A big kobold (D:8)
  13 giant frogs
  An elf skeleton (Abyss:1)
  3 killer bees (D:9)
  23 small abominations
  3 scorpions
  2 electric eels
  14 wights
  2 iron imps (Abyss:1)
  9 crimson imps
  A lava snake (D:10)
  23 orc wizards
  A quasit (Abyss:1)
  A giant frog zombie (D:11)
  44 orc priests
  26 starcursed masses (Abyss:1)
  6 hounds
  2 centaur skeletons
  Crazy Yiuf (D:4)
  4 jellies
  4 giant frog skeletons
  2 hell rats (D:11)
  Natasha (thrice) (D:4)
  37 worker ants
  9 iguanas
  14 sheep
  2 hound zombies
  A hound skeleton (D:6)
  10 adders
  61 river rats
  A shadow imp (D:5)
  13 gnolls
  2 white imps (Abyss:1)
  2 ufetubi (Abyss:1)
  4 oozes
  An adder skeleton (D:9)
  A worm (D:5)
  10 giant geckos
  151 orcs
  3 ball pythons
  3 bats
  4 giant cockroaches
  10 goblins
  6 hobgoblins
  14 jackals
  9 kobolds
  3 quokkas
  A giant gecko skeleton (D:4)
  6 giant newts
  2 goblin zombies (D:5)
  4 hobgoblin zombies (D:5)
  A jackal skeleton (D:8)
  2 kobold skeletons (D:5)
  2 orc zombies (D:5)
  8 rats
  5 crawling corpses
  5 fungi
  A lurking horror (Abyss:1)
  2 plants (Lair:8)
1428 creatures vanquished.

Vanquished Creatures (collateral kills)
  An orc high priest (Orc:4)
  A hornet (Spider:4)
  A fire elemental (Spider:2)
  A wasp (Spider:4)
4 creatures vanquished.

Vanquished Creatures (others)
  2 deep elf knights
  An orc knight (Orc:4)
  An orb spider (Spider:1)
  A wolf spider (Spider:4)
  A redback (Spider:3)
  A deep elf fighter (Elf:1)
  6 humans (Spider:4)
  A tarantella (Spider:4)
  A fire elemental (Spider:3)
  A wasp (Spider:4)
  2 small abominations (Abyss:1)
  An orc wizard (D:5)
  An orc priest (Elf:2)
  3 ufetubi (Abyss:1)
  2 orcs
  9 fungi
  8 plants
  12 starspawn tentacles (Abyss:1)
  96 starspawn tentacle segments (Abyss:1)
150 creatures vanquished.

Grand Total: 1582 creatures vanquished

Notes
Turn   | Place    | Note
--------------------------------------------------------------
     0 | D:1      | Shtopit the Gargoyle Berserker began the quest for the Orb.
     0 | D:1      | Reached XP level 1. HP: 14/14 MP: 1/1
    97 | D:1      | Reached XP level 2. HP: 8/19 MP: 2/2
   466 | D:1      | Reached XP level 3. HP: 24/24 MP: 3/3
   501 | D:1      | Reached skill level 4 in Fighting
   594 | D:1      | Reached ** piety under Trog
  1032 | D:2      | Found a faded altar to an unknown god.
  1245 | D:2      | Reached XP level 4. HP: 27/29 MP: 4/4
  1262 | D:3      | Found a burning altar of Makhleb.
  1375 | D:3      | Noticed Zhenya25pyc's ghost (amateur GrFi)
  1393 | D:3      | Killed Zhenya25pyc's ghost
  1393 | D:3      | Reached XP level 5. HP: 34/34 MP: 5/5
  1519 | D:3      | Reached XP level 6. HP: 15/40 MP: 6/6
  1967 | D:3      | Reached skill level 5 in Fighting
  1970 | D:3      | Reached *** piety under Trog
  2191 | D:3      | Found a shadowy altar of Dithmenos.
  2308 | D:3      | Found a basalt altar of Yredelemnul.
  2362 | D:3      | Found a deep blue altar of Sif Muna.
  2364 | D:3      | Found an ancient bone altar of Kikubaaqudgha.
  2364 | D:3      | Found a radiant altar of Vehumet.
  2659 | D:3      | Reached skill level 5 in Maces & Flails
  2746 | D:3      | Reached XP level 7. HP: 44/44 MP: 7/7
  2902 | D:3      | Gained mutation: Your flesh is cold resistant. [potion of mutation]
  2902 | D:3      | Gained mutation: Scrolls take you a little longer to read. [potion of mutation]
  2902 | D:3      | Gained mutation: Your body sometimes deteriorates upon taking damage. [potion of mutation]
  2969 | D:4      | Noticed Edmund
  2978 | D:4      | Killed Edmund
  3071 | D:4      | Found a glowing silver altar of Zin.
  3228 | D:4      | Noticed Natasha
  3232 | D:4      | Killed Natasha
  3300 | D:4      | Found a snail-covered altar of Cheibriados.
  3315 | D:4      | Reached **** piety under Trog
  3318 | D:4      | Noticed Natasha
  3322 | D:4      | Killed Natasha
  3575 | D:4      | Noticed Crazy Yiuf
  3584 | D:4      | Killed Crazy Yiuf
  3743 | D:4      | Noticed Natasha
  3748 | D:4      | Killed Natasha
  3807 | D:4      | Reached skill level 6 in Fighting
  3967 | D:5      | Entered Level 5 of the Dungeon
  3994 | D:5      | Found a glowing golden altar of the Shining One.
  4355 | D:5      | Reached XP level 8. HP: 51/51 MP: 8/8
  4799 | D:5      | Reached skill level 1 in Evocations
  5115 | D:5      | Reached skill level 5 in Armour
  5133 | D:5      | Got a shimmering ring mail
  5151 | D:5      | Identified the +3 ring mail of Hangman {rC+ Str+2} (You found it on level 5 of the Dungeon)
  5290 | D:5      | Found an opulent altar of Gozag.
  5315 | D:5      | Found a staircase to the Ecumenical Temple.
  5578 | D:5      | Found a deep blue altar of Sif Muna.
  6052 | D:6      | Found a shattered altar of Ashenzari.
  6250 | D:6      | Reached skill level 7 in Maces & Flails
  6273 | D:6      | Reached XP level 9. HP: 51/56 MP: 10/10
  6333 | D:6      | Reached ***** piety under Trog
  6967 | D:7      | Found a sparkling altar of Nemelex Xobeh.
  7641 | D:8      | Found a burning altar of Makhleb.
  8104 | D:8      | Noticed a kobold demonologist
  8112 | D:8      | Noticed a sixfirhy
  8114 | D:8      | Noticed a sixfirhy
  8114 | D:8      | Killed a kobold demonologist
  8207 | D:8      | Reached skill level 8 in Maces & Flails
  8342 | D:8      | Noticed Prince Ribbit
  8351 | D:8      | Killed Prince Ribbit
  8552 | D:9      | Reached XP level 10. HP: 46/64 MP: 13/13
  8555 | D:9      | Received a gift from Trog
  8811 | D:9      | Reached skill level 5 in Evocations
  9316 | D:9      | Reached skill level 9 in Maces & Flails
  9340 | D:9      | Found a staircase to the Orcish Mines.
  9358 | D:9      | Found a roughly hewn altar of Beogh.
  9385 | D:9      | Gained mutation: You are partially covered in thin metallic scales (AC +2). [potion of mutation]
  9385 | D:9      | Lost mutation: Your flesh is cold resistant. [potion of mutation]
  9386 | D:9      | Gained mutation: You possess an exceptional clarity of mind. [potion of mutation]
  9765 | D:10     | Entered Level 10 of the Dungeon
  9814 | D:10     | Noticed a molten gargoyle
  9824 | D:10     | Killed a molten gargoyle
  9865 | D:10     | Noticed a molten gargoyle
  9865 | D:10     | Noticed a molten gargoyle
  9867 | D:10     | Noticed a molten gargoyle
 10071 | D:9      | Killed a molten gargoyle
 10270 | D:9      | Killed a molten gargoyle
 10270 | D:9      | Reached skill level 10 in Maces & Flails
 10270 | D:9      | Reached XP level 11. HP: 30/71 MP: 15/15
 10468 | D:10     | Noticed a hill giant
 10469 | D:10     | Killed a molten gargoyle
 10479 | D:10     | Killed a hill giant
 10668 | D:10     | Noticed Maurice
 10703 | D:10     | Noticed Harold
 10722 | D:10     | Killed Harold
 10924 | D:10     | Killed Maurice
 11531 | D:11     | Noticed a five-headed hydra
 11541 | D:11     | Killed a five-headed hydra
 11541 | D:11     | Reached skill level 10 in Fighting
 11555 | D:11     | Received a gift from Trog
 11825 | D:11     | Found a staircase to the Lair.
 11859 | D:11     | Reached skill level 11 in Maces & Flails
 12790 | D:11     | Killed an unseen horror
 12790 | D:11     | Reached XP level 12. HP: 30/78 MP: 17/17
 13398 | Lair:1   | Entered Level 1 of the Lair of Beasts
 13398 | Lair:1   | Noticed braveplatypus's ghost (novice FoAK)
 13422 | Lair:1   | Killed braveplatypus's ghost
 13690 | Lair:1   | Noticed Grum
 13697 | Lair:1   | Received a gift from Trog
 13716 | Lair:1   | Killed Grum
 14567 | Lair:1   | You fall through a shaft!
 14596 | Lair:2   | Found a labyrinth entrance.
 14605 | Lab      | Entered a labyrinth
 15852 | Lab      | Noticed a minotaur
 15866 | Lab      | Killed a minotaur
 15925 | Lab      | Got a polished hunting sling
 16098 | Lair:2   | Reached skill level 12 in Maces & Flails
 16178 | Lair:2   | Reached skill level 10 in Armour
 17090 | Lair:3   | Found a hole to the Spider Nest.
 17095 | Lair:3   | Identified the +7 hunting sling of the Coin {venom, rC++ Int+6 Dex-5} (You found it in a labyrinth)
 17102 | Lair:3   | Reached skill level 1 in Slings
 17169 | Lair:3   | Noticed Gastronok
 17215 | Lair:3   | Killed Gastronok
 17215 | Lair:3   | Reached XP level 13. HP: 63/84 MP: 19/19
 18027 | Lair:3   | Received a gift from Trog
 18316 | Lair:4   | Got a pair of crude gloves
 18322 | Lair:4   | Identified the +1 pair of gloves of Paibotem {rN+ Str-4 Int+5 Stlth+} (You found it on level 4 of the Lair of Beasts)
 18553 | Lair:4   | Reached ****** piety under Trog
 19009 | Lair:4   | Got a transparent chain mail
 19020 | Lair:4   | Identified the +5 chain mail of Watchfulness {rC- Str+3 Stlth+} (You found it on level 4 of the Lair of Beasts)
 19190 | Lair:4   | Found a staircase to the Shoals.
 19393 | Lair:5   | Noticed Rupert
 19408 | Lair:5   | Killed Rupert
 19408 | Lair:5   | Reached skill level 13 in Maces & Flails
 19408 | Lair:5   | Reached skill level 5 in Dodging
 19482 | Lair:5   | Noticed Maud
 19494 | Lair:5   | Killed Maud
 19704 | Lair:5   | Received a gift from Trog
 20653 | Lair:6   | Found a dark tunnel.
 20674 | Volcano  | Entered a volcano
 20934 | Volcano  | Gained mutation: Your large and strong wings let you fly indefinitely. [Gargoyle growth]
 20934 | Volcano  | Reached XP level 14. HP: 85/92 MP: 21/21
 21663 | Lair:7   | Found a staircase to the Slime Pits.
 21664 | Lair:7   | Found a viscous altar of Jiyva.
 22167 | Lair:7   | Identified a scroll of acquirement
 22635 | Lair:8   | Entered Level 8 of the Lair of Beasts
 22647 | Lair:8   | Received a gift from Trog
 22723 | Lair:8   | Reached skill level 14 in Maces & Flails
 22747 | Lair:8   | Reached skill level 10 in Evocations
 22777 | Lair:8   | Found a frozen archway.
 22786 | IceCv    | Entered an ice cave
 22993 | IceCv    | Lost mutation: Your body sometimes deteriorates upon taking damage. [potion of mutation]
 22993 | IceCv    | Gained mutation: Your magical capacity is low (-10% MP). [potion of mutation]
 22994 | IceCv    | Gained mutation: You have large cloven feet. [potion of mutation]
 22994 | IceCv    | Gained mutation: You have a pair of small antennae on your head. [potion of mutation]
 23462 | IceCv    | Got a faintly glowing morningstar
 23465 | IceCv    | Identified the +8 morningstar of Fophied {crush, rElec rPois rF- MR+} (You found it in an ice cave)
 24440 | Lair:8   | Received a gift from Trog
 25045 | Lair:8   | Reached XP level 15. HP: 12/99 MP: 20/20
 25422 | Lair:8   | Received a gift from Trog
 25815 | Lair:8   | Got a warped amethyst amulet
 25817 | Lair:8   | Identified the amulet of Rareunoc {Stasis Stlth+} (You found it on level 8 of the Lair of Beasts)
 26235 | Spider:1 | Entered Level 1 of the Spider Nest
 26252 | Spider:1 | Reached skill level 15 in Maces & Flails
 26301 | Spider:1 | Noticed Nikola
 26326 | Spider:1 | Killed Nikola
 27568 | Spider:3 | Noticed Azrael
 27576 | Spider:3 | Noticed Arachne
 27594 | Spider:3 | Killed Azrael
 27599 | Spider:3 | Noticed Aizul
 27902 | Spider:2 | Killed Aizul
 27963 | Spider:2 | HP: 5/100 [wolf spider (6)]
 28379 | Spider:2 | Received a gift from Trog
 28452 | Spider:2 | Killed Arachne
 28458 | Spider:2 | Got a dazzling shortbow {god gift}
 28459 | Spider:2 | Identified the +2 shortbow of Ywnotu Kudod {flame, MR+ Str+6 SInv} (Trog gifted it to you on level 2 of the Spider Nest)
 29454 | Spider:3 | Noticed Louise
 29473 | Spider:3 | Killed Louise
 29600 | Spider:3 | Reached XP level 16. HP: 71/106 MP: 22/22
 29965 | Spider:4 | Entered Level 4 of the Spider Nest
 29965 | Spider:4 | Noticed Kirke
 29972 | Spider:4 | Killed Kirke
 29983 | Spider:4 | Received a gift from Trog
 30357 | Spider:4 | Received a gift from Trog
 30372 | Spider:4 | Got a fine dire flail {god gift}
 30373 | Spider:4 | Identified the +8 dire flail "Neiz" {crush, +Inv MR+ Dex-5} (Trog gifted it to you on level 4 of the Spider Nest)
 30615 | Spider:4 | Noticed Jorgrun
 30640 | Spider:4 | Killed Jorgrun
 30640 | Spider:4 | Reached skill level 16 in Maces & Flails
 31732 | Spider:4 | Got a gossamer rune of Zot
 32274 | D:12     | Noticed Nessos
 32298 | D:12     | Killed Nessos
 32531 | D:12     | Received a gift from Trog
 32849 | D:12     | Noticed Fannar
 32864 | D:12     | Killed Fannar
 33001 | D:12     | Noticed Sonja
 33010 | D:12     | Killed Sonja
 33016 | D:12     | Found Vaeb Cea's Antique Weapon Shop.
 33229 | Orc:1    | Entered Level 1 of the Orcish Mines
 33240 | Orc:1    | Received a gift from Trog
 33534 | Orc:3    | Found a staircase to the Elven Halls.
 33580 | Orc:3    | Noticed Xenophilius's ghost (journeyman HOBe)
 33587 | Orc:3    | Killed Xenophilius's ghost
 33587 | Orc:3    | Reached skill level 15 in Fighting
 33587 | Orc:3    | Reached XP level 17. HP: 111/113 MP: 23/23
 33768 | Orc:3    | Received a gift from Trog
 34066 | Orc:4    | Entered Level 4 of the Orcish Mines
 34724 | Orc:4    | Found Fautaf's General Store.
 34734 | Orc:4    | Found Bypheges's Distillery.
 35633 | Orc:4    | Received a gift from Trog
 35634 | Orc:4    | Hired Brunolf the orc knight for 643 gold.
 35652 | Orc:4    | Your ally Brunolf died
 36125 | Orc:4    | Found Neleeb's Antique Weapon Boutique.
 36125 | Orc:4    | Found Axke's Gadget Shop.
 36125 | Orc:4    | Found a one-way gate leading to the halls of Pandemonium.
 36539 | Elf:1    | Entered Level 1 of the Elven Halls
 36640 | Elf:1    | Reached skill level 17 in Maces & Flails
 37450 | Elf:1    | Received a gift from Trog
 37504 | Elf:1    | Noticed Asterion
 37509 | Elf:1    | Found Uzienack's General Store.
 37548 | Elf:1    | Killed Asterion
 38561 | Elf:1    | Received a gift from Trog
 39037 | Elf:2    | Gained mutation: You tend to lose your temper in combat. [a neqoxec]
 39282 | Elf:2    | Reached XP level 18. HP: 115/120 MP: 8/25
 39283 | Elf:2    | Found a runed gate.
 39283 | Elf:2    | Found a runed gate.
 39285 | Elf:2    | Found a runed gate.
 39430 | Elf:2    | Found Soget's Weapon Boutique.
 39463 | Elf:2    | Received a gift from Trog
 39812 | Elf:2    | Noticed moxian's ghost (adept DEEE)
 39839 | Elf:2    | Killed moxian's ghost
 39839 | Elf:2    | Reached skill level 18 in Maces & Flails
 40316 | Elf:2    | Cast into the Abyss (trident of distortion)
 40349 | Abyss:1  | Gained mutation: You are weak. (Str -2) [a neqoxec]
 40450 | Abyss:1  | Found an iron altar of Okawaru.
 40483 | Abyss:1  | Found a corrupted altar of Lugonu.
 41367 | Abyss:1  | Gained mutation: Your flesh is cold resistant. [potion of beneficial mutation]
 42285 | Abyss:1  | Received a gift from Trog
 42414 | Abyss:1  | Gained mutation: You are dopey. (Int -2) [a neqoxec]
 42581 | Abyss:1  | Gained mutation: You expend magic power (3 MP) to strengthen your wands. [a neqoxec]
 42653 | Abyss:1  | HP: 5/122 [wretched star/orb of energy (20)]
 42658 | Abyss:1  | Reached XP level 19. HP: 14/127 MP: 23/26
 42659 | Abyss:1  | HP: 6/127 [octopode (2)]
 42702 | Abyss:1  | Noticed a bone dragon
 42773 | Abyss:1  | Killed a bone dragon
 42787 | Abyss:1  | Gained mutation: You often lose your temper in combat. [a neqoxec]
 42812 | Abyss:1  | Found a corrupted altar of Lugonu.
 42863 | Abyss:1  | Noticed a bone dragon
 42865 | Abyss:1  | Found a corrupted altar of Lugonu.
 42893 | Abyss:1  | Noticed a lich
 42905 | Abyss:1  | Killed a lich
 42939 | Abyss:1  | Killed a bone dragon
 42939 | Abyss:1  | Reached skill level 19 in Maces & Flails
 43054 | Abyss:1  | Paralysed by you for 2 turns
 43253 | Elf:2    | Escaped the Abyss
 43856 | Elf:3    | Entered Level 3 of the Elven Halls
 43859 | Elf:3    | Received a gift from Trog
 43915 | Elf:3    | Found Roiny's Food Boutique.
 44120 | Elf:3    | Found Ede Covosm's Antique Weapon Shop.
 45320 | Elf:3    | Reached XP level 20. HP: 51/134 MP: 9/27
 45722 | Elf:3    | Reached skill level 20 in Maces & Flails
 45740 | Elf:3    | HP: 6/134 [Hell Sentinel/blast of hellfire[a deep elf demonologist] (19)]
 45768 | Elf:3    | Killed from afar by a deep elf high priest

Action                   |  1- 3 |  4- 6 |  7- 9 | 10-12 | 13-15 | 16-18 | 19-21 || total
-------------------------+-------+-------+-------+-------+-------+-------+-------++-------
Melee: Mace              |   102 |    60 |       |       |       |       |       ||   162
       Flail             |       |    94 |    87 |       |       |       |       ||   181
       Morningstar       |       |       |   311 |   709 |   457 |   374 |       ||  1851
       Great mace        |       |       |       |       |   760 |  1237 |   486 ||  2483
       Eveningstar       |       |       |       |       |     1 |       |       ||     1
       Dire flail        |       |       |       |       |       |   112 |       ||   112
 Fire: Hunting sling     |       |       |     6 |    22 |     5 |    36 |       ||    69
       Greatsling        |       |       |       |       |       |     4 |       ||     4
Throw: Stone             |       |       |    14 |       |     1 |       |       ||    15
Invok: Berserk           |       |     4 |     3 |     5 |     5 |     6 |     1 ||    24
       Trog's Hand       |       |     2 |       |       |     1 |       |     4 ||     7
       Burn Spellbooks   |       |     1 |     1 |     3 |     3 |     2 |       ||    10
 Abil: Fly               |       |       |       |       |     1 |       |       ||     1
       Evoke Invisibilit |       |       |       |       |     6 |     9 |       ||    15
Evoke: Wand              |       |       |       |       |     5 |    21 |       ||    26
       Deck              |       |       |       |       |     2 |     2 |       ||     4
       Lamp of fire      |       |       |       |       |     1 |     3 |     1 ||     5
       Box of beasts     |       |       |       |       |     1 |     2 |       ||     3
  Use: Potion            |       |     2 |     3 |    12 |     7 |     5 |     5 ||    34
       Scroll            |       |       |    15 |    10 |    29 |     8 |     2 ||    64
 Stab: Invisible         |       |       |       |       |    15 |    21 |       ||    36
       Distracted        |       |       |       |       |       |       |     1 ||     1
  Eat: Chunk             |     1 |     9 |    17 |    22 |    28 |    35 |     5 ||   117
       Pizza             |       |       |     1 |       |       |       |       ||     1
       Meat ration       |       |       |     1 |       |     1 |     1 |       ||     3
       Fruit             |       |       |       |    11 |    11 |    10 |     2 ||    34
       Beef jerky        |       |       |       |     1 |     2 |       |       ||     3
       Bread ration      |       |       |       |       |     1 |     2 |     1 ||     4
       Royal jelly       |       |       |       |       |       |       |     1 ||     1
